 Dungeon Crawl Stone Soup version 0.31-a0-986-g5e6e4ef867 (webtiles) character file.

Game seed: 9574534578976704865

18 wildpjah the Slasher (level 2, 25/25 HPs)
             Began as a Draconian Gladiator on Nov 20, 2023.
             Quit the game on level 1 of the Dungeon.
             The game lasted 00:01:36 (743 turns).

wildpjah the Slasher (Draconian Gladiator)           Turns: 743, Time: 00:01:36

Health: 25/25      AC:  4    Str: 16    XL:     2   Next: 51%
Magic:  2/2        EV: 12    Int:  8    God:
Gold:   72         SH:  0    Dex: 12    Spells: 1/1 levels left

rFire   . . .        e - +0 falchion
rCold   . . .        (no shield)
rNeg    . . .        (body armour unavailable)
rPois   .            b - +0 hat
rElec   .            (no cloak)
rCorr   .            (no gloves)
SInv    .            (no boots)
Will    .....        (no amulet)
Stlth   +            (no ring)
HPRegen 0.24/turn    (no ring)
MPRegen 0.08/turn

%: no passive effects
@: no status effects
A: AC +4, unfitting armour, cold-blooded
a: no special abilities


You were on level 1 of the Dungeon.
You visited 1 branch of the dungeon, and saw 1 of its levels.

You collected 72 gold pieces.

Inventory:

Hand Weapons
 a - a +0 long sword
 e - a +0 falchion (weapon)
Missiles
 c - 3 throwing nets (quivered)
 d - a javelin
Armour
 b - a +0 hat (worn)
Scrolls
 g - a scroll of teleportation {unknown}
 h - a scroll of blinking {unknown}
 j - a scroll of butterflies {unknown}
Potions
 f - a potion of invisibility {unknown}
 i - a potion of berserk rage {unknown}


   Skills:
 + Level 2.3 Fighting
 + Level 3.4 Long Blades
 + Level 1.8 Throwing
 + Level 3.0 Dodging
 + Level 0.1 Stealth


You had one spell level left.
You didn't know any spells.
Your spell library was empty.

Dungeon Overview and Level Annotations

Branches:
Dungeon (1/15)

Altars:


Innate Abilities, Weirdness & Mutations

Your plain brown scales are hard. (AC +4)
You cannot fit into any form of body armour.
You are cold-blooded and may be slowed by cold attacks.


Message History

The endoplasm hits you but does no damage.
You hit the endoplasm.
The endoplasm is heavily wounded.
The endoplasm barely misses you.
You barely miss the endoplasm.
The endoplasm is heavily wounded.
The endoplasm hits you.
You hit the endoplasm but do no damage.
The endoplasm is heavily wounded.
The endoplasm hits you but does no damage.
You barely miss the endoplasm.
The endoplasm is heavily wounded.
The endoplasm freezes you.
You are frozen.
You slash the endoplasm!
You kill the endoplasm!
You closely miss the rat.
The rat is moderately wounded.
The rat bites you.
You hit the rat.
You kill the rat!
The frilled lizard closely misses you.
You miss the frilled lizard. The frilled lizard bites you.
You hit the frilled lizard.
Your tail-slap misses the frilled lizard.
The frilled lizard is heavily wounded.
The frilled lizard closely misses you.
You hit the frilled lizard.
You kill the frilled lizard!
You see here a rat corpse.
Found a dagger.
You now have 72 gold pieces (gained 12).
You see here a rat corpse.
You open the door.
Partly explored, can't reach some places.
Partly explored, can't reach some places.
Unknown command.
No monsters, items or features are visible.
Clearing monster memory.
Are you sure you want to abandon this character and quit the game? (Confirm with "yes".)

#.# ###.#####...### #.# #.#
#......# #.# ##.#####...#.# #.#
#.........##.# #.# #....####.##.#
# #.############ ######## ####
####.......#P.PP## ##P†..##
...####.....).#.##PPPPP###.....#.
##........###.#.@'P.P.PP_.....P'.
######.#.###.####PPP.P###P.P..##
#.....##.#


#PPPP## ##...P## #..#..##.# ###### ###### #..#..##.# #...# #.# #### #........#
#...# #.### ...###.##..#### #...# #.).# .............#####..[##### ###.#
....##.....#.#...........######.# There were no monsters in sight!

Vanquished Creatures
  A bat (D:1)
  5 endoplasms (D:1)
  2 goblins (D:1)
  A hobgoblin (D:1)
  2 kobolds (D:1)
  A ball python (D:1)
  2 frilled lizards (D:1)
  4 rats (D:1)
18 creatures vanquished.

Notes
Turn   | Place    | Note
-------+----------+-------------------------------------------
     0 | D:1      | wildpjah the Draconian Gladiator began the quest for the
                  | Orb.
     0 | D:1      | Reached XP level 1. HP: 17/17 MP: 1/1
   174 | D:1      | Found a faded altar of an unknown god.
   288 | D:1      | Reached XP level 2. HP: 24/24 MP: 2/2
   743 | D:1      | Quit the game

Illustrated notes

Levels and vault maps discovered:
D:1:      spicycebolla_green_bress_n_ham, layout_loops_cross,
          shapermc_ecumenical_altar_flowoftime, serial_forest,
          infiniplex_forest_lined_4_way, infiniplex_forest_lined_room_2,
          infiniplex_forest_end_double, infiniplex_forest_lined_2,
          infiniplex_forest_corner_2, infiniplex_forest_corner_2,
          infiniplex_forest_end_2

Skill      XL: |  1  2 |
---------------+-------+-----
Dodging        | 3 |  3.0
Fighting       | |  2.3
Long Blades    | |  3.4
Throwing       | |  1.8
Stealth        | |  0.1

Action                     || total
---------------------------++-------
  Melee: Falchion          ||    51
         Tailslap          ||     6
   Stab: Sleeping          ||     2
 Armour: Skin              ||    26
  Dodge: Dodged            ||    16

Table legend: (Time is in decaauts)
 A = Elapsed time spent in this place.
 B = Non-inter-level travel time spent in this place.
 C = Inter-level travel time spent in this place.
 D = Time resting spent in this place.
 E = Time spent auto-exploring this place.
 F = Levels seen in this place.
 G = Mean time per level.
                   A        B        C        D        E       F      G
               +--------+--------+--------+--------+--------+-----+--------+
         Total |    749 |    749 |      0 |      0 |    621 |   1 |  749.0 |
       Dungeon |    749 |    749 |      0 |      0 |    621 |   1 |  749.0 |
               +--------+--------+--------+--------+--------+-----+--------+

Top non-repeatable levels by time:
     D:1: 749 daAuts
